 Dungeon Crawl Stone Soup version 0.22.1-1-ga44c0e5 (webtiles) character file.

26698 empire the Carver (level 13, -17/153 HPs)
             Began as a Minotaur Fighter on Oct 26, 2018.
             Was the Champion of Cheibriados.
             Demolished by Rupert
             ... wielding a +1 great mace of crushing
              (24 damage)
             ... on level 13 of the Dungeon.
             The game lasted 00:24:40 (10165 turns).

empire the Carver (Minotaur Fighter)               Turns: 10165, Time: 00:24:40

Health: -17/153    AC: 26    Str: 42    XL:     13   Next: 0%
Magic:  12/12      EV:  2    Int: 22    God:    Cheibriados [******]
Gold:   391        SH:  0    Dex: 27    Spells: 12/12 levels left

rFire    + . .     SeeInvis .   b - +0 scimitar (flame)
rCold    + . .     Gourm    .   c - +0 shield
rNeg     + + +     Faith    .   (armour currently unavailable)
rPois    +         Spirit   .   (helmet currently unavailable)
rElec    .         Reflect  .   (cloak currently unavailable)
rCorr    .         Harm     .   (gloves currently unavailable)
MR       .....     NoTele   +   (boots currently unavailable)
Stlth    +.........             E - amulet of regeneration
HPRegen  0.75/turn              v - ring of protection from cold
MPRegen  0.13/turn              F - ring of protection from fire

@: confused, mighty, lethally poisoned (-17 -> -18), tree-form, very slow
A: (retaliatory headbutt)
a: Bend Time, Temporal Distortion, Slouch, Step From Time, Renounce Religion


You were on level 13 of the Dungeon.
You worshipped Cheibriados.
Cheibriados was exalted by your worship.
You were hungry.
You were a tree.
You visited 2 branches of the dungeon, and saw 14 of its levels.

You collected 595 gold pieces.
You spent 204 gold pieces at shops.

Inventory:

Hand Weapons
 a - a +0 scimitar
 b - a +0 scimitar of flaming (weapon)
 e - a +3 flail
 p - a +4 short sword
 J - a cursed -2 short sword
 K - a +0 short sword of draining
Armour
 c - a +0 shield (worn)
 d - a +0 hat of magic resistance (melded)
 k - a +1 cloak (melded)
 I - a +0 plate armour (melded)
 M - a +0 troll leather armour
 O - a +0 troll leather armour
Magical Staves
 j - an uncursed staff of cold
Jewellery
 u - an uncursed ring of wizardry {unknown}
 v - a ring of protection from cold (left branch)
 A - an uncursed amulet of faith {unknown}
 E - an amulet of regeneration (around neck)
 F - a ring of protection from fire (right branch)
Wands
 s - a wand of scattershot (1)
 z - a wand of flame (54)
 P - a wand of polymorph (20)
Scrolls
 g - 3 scrolls of fog {unknown}
 h - 4 scrolls of blinking {unknown}
 i - 4 scrolls of fear {unknown}
 m - 4 scrolls of enchant weapon {unknown}
 o - 3 scrolls of magic mapping
 r - 2 scrolls of identify
 D - a scroll of summoning
 G - 2 scrolls of teleportation
 H - a scroll of noise
 L - a scroll of immolation {unknown}
 Q - a scroll of remove curse
Potions
 l - 4 potions of curing
 t - 2 potions of flight
 w - 2 potions of resistance
 x - 3 potions of lignification
 B - a potion of invisibility
 C - a potion of might
Comestibles
 f - 25 rations


   Skills:
 - Level 5.8 Fighting
 - Level 14.0 Long Blades
 - Level 14.0 Armour
 + Level 12.7 Dodging
 + Level 9.6 Shields


You had 12 spell levels left.
You didn't know any spells.
Your spell library contained the following spells:

 Spells                   Type           Power        Failure   Level  Hunger
 Animate Skeleton         Necr           N/A          32%         1    ##.....
 Beastly Appendage        Tmut           #.....       32%         1    ##.....
 Flame Tongue             Conj/Fire      #....        32%         1    ##.....
 Magic Dart               Conj           #...         32%         1    ##.....
 Pain                     Necr           #...         32%         1    ##.....
 Searing Ray              Conj           #.....       45%         2    ###....
 Sticks to Snakes         Tmut           #.......     45%         2    ###....
 Throw Flame              Conj/Fire      #.....       45%         2    ###....
 Conjure Flame            Conj/Fire      #.......     69%         3    ####...
 Dazzling Spray           Conj/Hex       #.....       69%         3    ####...
 Inner Flame              Hex/Fire       #.......     69%         3    ####...
 Regeneration             Chrm/Necr      #.........   69%         3    ####...
 Spider Form              Tmut/Pois      #.........   69%         3    ####...
 Vampiric Draining        Necr           #.........   69%         3    ####...
 Animate Dead             Necr           N/A          97%         4    #####..
 Force Lance              Conj/Tloc      #.......     97%         4    #####..
 Fulminant Prism          Conj/Hex       #.........   97%         4    #####..
 Ice Form                 Ice/Tmut       #.......     97%         4    #####..
 Iskenderun's Mystic Bla  Conj           #.......     97%         4    #####..
 Sticky Flame             Conj/Fire      #.......     97%         4    #####..
 Blade Hands              Tmut           #.........   100%        5    ######.
 Fireball                 Conj/Fire      #.........   100%        5    ######.


Dungeon Overview and Level Annotations

Branches:
Dungeon (13/15)            Temple (1/1) D:6            Lair (0/6) D:11
    Orc (0/2) D:9          Vaults (0/5) D:13

Altars:
Ashenzari
Cheibriados
Dithmenos
Elyvilon
Fedhas
Gozag
Hepliaklqana
Kikubaaqudgha
Makhleb
Nemelex Xobeh
Okawaru
Qazlal
Ru
Sif Muna
Trog
Uskayaw
Vehumet
Wu Jian
Xom
Yredelemnul
Zin
The Shining One

Shops:
D:6 ==!%(

Annotations:
D:13 Rupert, Urug


Innate Abilities, Weirdness & Mutations

((You reflexively headbutt those who attack you in melee.))
((You have a pair of horns on your head.))


Message History

You feel very mighty all of a sudden.
The human seems less confused.
You block the centaur warrior's attack. You block the hippogriff's attack.
The hippogriff pecks you but does no damage.
The hippogriff claws you but does no damage.
The centaur warrior hits you but does no damage.
Rupert hits you with a great mace of crushing!!
* * * LOW HITPOINT WARNING * * *
x2 The worker ant bites you but does no damage.
The worker ant bites you.
* * * LOW HITPOINT WARNING * * *
You are confused.
You feel invigorated.
The centaur warrior hits you but does no damage.
The worker ant bites you.
* * * LOW HITPOINT WARNING * * *
You are poisoned.
The worker ant poisons you!
Rupert hits you with a great mace of crushing!!
You die...

..#.#.###.##
#.#........#
#..........#
#...(......#
#..........#
+..........#
#..........#
#o...ca..?.#
#....H♣†...#
#....a@†...#
#..........#
#..........#
#..........#
#.p........#
............#
#############


You could see Rupert (berserk), Urug (confused), a centaur warrior, a
hippogriff, a human and 2 worker ants.

Vanquished Creatures
  Gastronok (D:10)
  Azrael (D:12)
  Fannar (D:10)
  A hydra (D:11)
  Harold (D:10)
  3 two-headed ogres
  Pikel (D:8)
  4 ugly things
  A manticore (D:11)
  2 centaur zombies (D:12)
  Psyche (D:8)
  3 centaur skeletons
  A freezing wraith (D:13)
  2 trolls
  A hornet (D:10)
  4 hippogriffs
  5 slime creatures (D:12)
  A shadow (D:12)
  15 yaks
  4 hogs (D:7)
  4 fire elementals
  15 humans
  2 wyverns (D:10)
  2 hungry ghosts
  4 vampire mosquitoes (D:12)
  An acid dragon (D:11)
  3 hell hounds (D:12)
  9 orc warriors
  4 sky beasts
  3 ice beasts
  3 black bears
  5 ogres
  9 necrophages
  A phantom (D:8)
  4 centaurs
  2 big kobolds
  A wyvern zombie (D:6)
  7 bullfrogs
  3 scorpions
  7 killer bees
  11 wights
  7 howler monkeys
  3 crimson imps
  A quasit (D:13)
  A bullfrog zombie (D:6)
  4 hounds
  Crazy Yiuf (D:2)
  4 jellies
  2 orc priests
  3 bullfrog skeletons
  2 iguanas
  Jessica (D:2)
  7 orc wizards
  6 worker ants
  A hound skeleton (D:4)
  A howler monkey zombie (D:7)
  2 worker ant zombies
  10 gnolls
  8 adders
  3 shadow imps
  An adder zombie (D:5)
  3 oozes
  A worm (D:2)
  2 dart slugs (D:2)
  4 leopard geckos
  54 orcs
  A ball python (D:4)
  4 giant cockroaches
  4 goblins
  8 hobgoblins
  7 jackals
  3 quokkas
  A ball python zombie (D:6)
  9 bats
  5 frilled lizards
  A jackal zombie (D:8)
  14 kobolds
  6 rats
  A bush (D:6)
  7 fungi (D:11)
  6 plants
362 creatures vanquished.

Vanquished Creatures (others)
  4 slaves (D:8)
  An orc (D:8)
  A bush (D:6)
  5 plants (D:6)
11 creatures vanquished.

Grand Total: 373 creatures vanquished

Notes
Turn   | Place    | Note
-------+----------+-------------------------------------------
     0 | D:1      | empire the Minotaur Fighter began the quest for the Orb.
     0 | D:1      | Reached XP level 1. HP: 19/19 MP: 0/0
   135 | D:1      | Reached XP level 2. HP: 24/27 MP: 1/1
   749 | D:2      | Reached XP level 3. HP: 22/33 MP: 2/2
   861 | D:2      | Noticed Jessica
   864 | D:2      | Killed Jessica
   866 | D:2      | Reached XP level 4. HP: 28/40 MP: 3/3
  1460 | D:2      | Found a runed door.
  1464 | D:2      | Noticed Crazy Yiuf
  1471 | D:2      | Killed Crazy Yiuf
  1848 | D:3      | Reached XP level 5. HP: 34/47 MP: 4/4
  2282 | D:3      | Found a faded altar of an unknown god.
  2686 | D:4      | Noticed an ogre
  2693 | D:4      | Killed an ogre
  2693 | D:4      | Reached skill level 5 in Long Blades
  2693 | D:4      | Reached XP level 6. HP: 47/55 MP: 5/5
  2728 | D:4      | Reached skill level 5 in Shields
  2732 | D:4      | Reached skill level 5 in Fighting
  2732 | D:4      | Reached skill level 5 in Armour
  2972 | D:4      | Reached XP level 7. HP: 19/61 MP: 6/6
  3374 | D:5      | Entered Level 5 of the Dungeon
  3844 | D:6      | Found Mesosea's Jewellery Emporium.
  3867 | D:6      | Reached XP level 8. HP: 70/70 MP: 7/7
  3945 | D:6      | Found a glowing silver altar of Zin.
  3967 | D:6      | Found Faulefy's Antique Weapon Shop.
  4043 | D:6      | Found a blossoming altar of Fedhas.
  4100 | D:6      | Found a staircase to the Ecumenical Temple.
  4116 | Temple   | Entered the Ecumenical Temple
  4369 | Temple   | Became a worshipper of Cheibriados the Contemplative
  4553 | D:6      | Found Riatef's Distillery.
  4559 | D:6      | Bought a potion of degeneration for 12 gold pieces
  4559 | D:6      | Bought a potion of lignification for 36 gold pieces
  4559 | D:6      | Bought a potion of berserk rage for 60 gold pieces
  4559 | D:6      | Bought a potion of brilliance for 48 gold pieces
  4559 | D:6      | Bought a potion of might for 48 gold pieces
  4565 | D:6      | Found Qugaq's Jewellery Shoppe.
  4636 | D:6      | Found Lidinn's Food Emporium.
  4967 | D:6      | Reached XP level 9. HP: 75/75 MP: 8/8
  5175 | D:7      | Reached skill level 10 in Long Blades
  5264 | D:7      | Reached * piety under Cheibriados
  5451 | D:7      | Reached skill level 10 in Armour
  5971 | D:8      | Reached ** piety under Cheibriados
  6037 | D:8      | Reached XP level 10. HP: 55/80 MP: 9/9
  6045 | D:8      | Noticed Pikel
  6057 | D:8      | Killed Pikel
  6494 | D:8      | Noticed Psyche
  6505 | D:8      | Killed Psyche
  6670 | D:9      | Noticed a green ugly thing
  6692 | D:9      | Killed a green ugly thing
  6740 | D:9      | Reached *** piety under Cheibriados
  6860 | D:9      | Found a staircase to the Orcish Mines.
  7025 | D:9      | Reached **** piety under Cheibriados
  7214 | D:9      | Reached skill level 1 in Dodging
  7533 | D:10     | Entered Level 10 of the Dungeon
  7533 | D:10     | Noticed a red ugly thing
  7540 | D:10     | Killed a red ugly thing
  7540 | D:10     | Reached XP level 11. HP: 89/89 MP: 10/10
  7579 | D:10     | Noticed Fannar
  7614 | D:10     | Killed Fannar
  7614 | D:10     | Reached ***** piety under Cheibriados
  7614 | D:10     | Reached skill level 5 in Dodging
  7760 | Temple   | Identified a scroll of acquirement
  7988 | D:10     | Noticed Harold
  7992 | D:10     | Noticed a two-headed ogre
  8002 | D:10     | Killed Harold
  8004 | D:10     | Noticed Gastronok
  8008 | D:10     | Killed a two-headed ogre
  8039 | D:10     | Killed Gastronok
  8286 | D:10     | Reached skill level 10 in Dodging
  8712 | D:11     | Noticed a five-headed hydra
  8721 | D:11     | Killed an eight-headed hydra
  8738 | D:11     | Reached XP level 12. HP: 71/95 MP: 11/11
  9122 | D:11     | Noticed a two-headed ogre
  9127 | D:11     | Killed a two-headed ogre
  9127 | D:11     | Reached ****** piety under Cheibriados
  9243 | D:11     | Found a staircase to the Lair.
  9317 | D:12     | Noticed Azrael
  9341 | D:12     | Killed Azrael
  9717 | D:12     | Noticed a two-headed ogre
  9724 | D:12     | Killed a two-headed ogre
 10123 | D:13     | Found a gate to the Vaults.
 10123 | D:13     | Noticed a centaur warrior
 10123 | D:13     | Noticed Urug
 10123 | D:13     | Noticed Rupert
 10141 | D:13     | Paralysed by Rupert for 3 turns
 10146 | D:13     | Reached XP level 13. HP: 68/102 MP: 12/12
 10164 | D:13     | HP: 6/153 [Rupert/great mace of crushing (3)]
 10165 | D:13     | Demolished by Rupert

Skill      XL: |  1  2  3  4  5  6  7  8  9 10 11 12 |
---------------+-------------------------------------+-----
Long Blades    | 3 4 5 6 7 9 11 13 14 | 14.0
Fighting       | 4 5 |  5.8
Armour         | 4 5 6 9 11 12 14 | 14.0
Shields        | 4 5 9 |  9.6
Dodging        | 4 11 12 | 12.7

Action                   |  1- 3 |  4- 6 |  7- 9 | 10-12 | 13-15 || total
-------------------------+-------+-------+-------+-------+-------++-------
Melee: Long sword        |    68 |   133 |   329 |       |       ||   530
       Headbutt          |    12 |    26 |    79 |   263 |     3 ||   383
       Scimitar          |       |       |    37 |   592 |    14 ||   643
Evoke: Wand              |       |       |       |     8 |       ||     8
  Use: Potion            |       |     3 |       |     5 |     5 ||    13
       Scroll            |       |       |       |    15 |       ||    15
 Stab: Confused          |       |       |       |     2 |       ||     2
  Eat: Chunk             |       |     7 |     9 |     9 |       ||    25
Armor: Scale mail        |    27 |    80 |    25 |       |       ||   132
       Plate armour      |       |       |   137 |   268 |     5 ||   410
       Skin              |       |       |       |    19 |    37 ||    56
Dodge: Dodged            |    28 |    47 |    58 |   256 |     7 ||   396
Block: Shield            |    35 |    77 |   126 |   440 |    33 ||   711
       Rpst.: Long sword |     9 |     9 |    19 |       |       ||    37
       Scimitar          |       |       |     3 |    60 |       ||    63
